 Dungeon Crawl Stone Soup version 0.20.1-1-g8b1a95d (console) character file.

3534 bli the Magician (level 10, -2/56 HPs)
             Began as a Gargoyle Fire Elementalist on Aug 18, 2017.
             Slain by a rakshasa (illusionary)
             ... wielding a +0 whip
              (10 damage)
             ... on level 8 of the Dungeon on Aug 19, 2017.
             The game lasted 00:42:45 (7614 turns).

bli the Magician (Gargoyle Fire Elementalist)       Turns: 7614, Time: 00:42:46

Health: -2/56      AC: 12    Str: 13    XL:     10   Next: 8%
Magic:  13/21      EV: 19    Int: 17    God:
Gold:   340        SH:  5    Dex: 16    Spells: 16/24 levels left

rFire    . . .     SeeInvis .   K - +0 morningstar
rCold    + . .     Gourm    .   (no shield)
rNeg     + . .     Faith    .   a - +0 robe
rPois    ∞         Spirit   .   x - +1 hat
rElec    +         Reflect  +   f - +0 cloak
rCorr    .         Harm     .   C - +0 pair of gloves
MR       .....                  (no boots)
Stlth    ++++......             e - +5 amulet of reflection
Regen    0.2/turn               A - +4 ring of slaying
MPRegen  0.2/turn               L - ring of protection from cold

@: agile, about to teleport, very slightly contaminated
A: negative energy resistance 1, electricity resistance, unbreathing,
petrification resistance, rot immunity, AC +7
a: no special abilities


You were on level 8 of the Dungeon.
You were not hungry.

You visited 2 branches of the dungeon, and saw 9 of its levels.

You collected 379 gold pieces.
You spent 39 gold pieces at shops.

Inventory:

Hand Weapons
 p - a +0 flail
 u - a +0 whip
 v - a +0 flail
 y - a +0 flail
 K - a +0 morningstar (weapon)
Missiles
 h - 258 stones (quivered)
 i - 2 tomahawks of dispersal
Armour
 a - a +0 robe (worn)
 f - a +0 cloak (worn)
 m - a +0 leather armour
 s - a +0 leather armour
 x - a +1 hat (worn)
 C - a +0 pair of gloves (worn)
 G - a +0 large shield
Jewellery
 e - a +5 amulet of reflection (around neck)
 A - a +4 ring of slaying (left hand)
 L - a ring of protection from cold (right hand)
Wands
 E - a wand of confusion (20/48)
 I - a wand of iceblast (8/15)
Scrolls
 d - 2 scrolls of magic mapping
 g - 3 scrolls of identify
 l - 4 scrolls of teleportation
 q - 5 scrolls of remove curse
 w - a scroll of fog
 z - 2 scrolls of amnesia
 B - a scroll of fear
 D - a scroll of blinking {unknown}
 F - a scroll of noise {unknown}
 M - 3 scrolls of immolation {unknown}
Potions
 k - 3 potions of curing
 n - 2 potions of haste
 o - 2 potions of lignification
 r - 2 potions of brilliance
Books
 b - a book of Flames

   Spells                             Type                      Level
   a - Flame Tongue                   Conjuration/Fire             1
   b - Throw Flame                    Conjuration/Fire             2
   c - Conjure Flame                  Conjuration/Fire             3
   d - Inner Flame                    Hexes/Fire                   3
   e - Sticky Flame                   Conjuration/Fire             4
   f - Fireball                       Conjuration/Fire             5
Comestibles
 c - 6 bread rations
 j - 4 meat rations
 t - 6 royal jellies
 J - 8 chunks of flesh


   Skills:
 + Level 3.9 Fighting
 + Level 4.3 Maces & Flails
 + Level 4.2 Dodging
 + Level 4.0 Stealth
 + Level 0.9 Shields
 * Level 7.7 Spellcasting
 + Level 6.7 Conjurations
 + Level 5.9 Fire Magic


You had 16 spell levels left.
You knew the following spells:

 Your Spells              Type           Power        Failure   Level  Hunger
a - Flame Tongue          Conj/Fire      ####.        1%          1    None
c - Conjure Flame         Conj/Fire      ####....     2%          3    #......
s - Sticky Flame          Conj/Fire      ####....     8%          4    ###....


Dungeon Overview and Level Annotations

Branches:
Dungeon (8/15)             Temple (1/1) D:7
   Lair: D:8-11

Altars:
Ashenzari
Cheibriados
Dithmenos
Elyvilon
Fedhas
Hepliaklqana
Kikubaaqudgha
Makhleb
Okawaru
Qazlal
Sif Muna
Xom
Yredelemnul
The Shining One

Shops:
D:4 [!(

Annotations:
D:3 Saithnar's ghost, amateur CeAM


Innate Abilities, Weirdness & Mutations

You are resistant to torment.
Your stone body is resilient. (AC +7)
You are immune to poison.
You resist negative energy. (rN+)
You are resistant to electric shocks. (rElec)
You can survive without breathing.
You are immune to petrification.
You are immune to rotting.


Message History

You feel agile all of a sudden.
The rakshasa burns!
The injured rakshasa weaves a defensive illusion!
Some of the chunks of flesh in your inventory have rotted away.
As you read the scroll of teleportation, it crumbles to dust.
You feel strangely unstable.
The rakshasa burns!
The rakshasa stops burning.
The rakshasa burns!
The rakshasa stops burning.
The rakshasa burns!
The rakshasa stops burning.
The rakshasa closely misses you.
The rakshasa blinks! x2; The rakshasa hits you with a whip.
* * * LOW HITPOINT WARNING * * *
You closely miss the rakshasa.
The rakshasa is heavily wounded.
The rakshasa hits you but does no damage.
The rakshasa misses you.
You sock the rakshasa!
The rakshasa is severely wounded.
The rakshasa hits you with a whip!
* * * LOW HITPOINT WARNING * * *
The rakshasa barely misses you.
You feel better. The rakshasa hits you with a whip!
You die...

+ # # ## ##.#
#.§.## #§R##
..#### ##R@##
#....# ##R§##
#..... . ##..##
#... . ##..##
#..# #+# #
##..##.#.# #.# #
##...##.###.###
##.###.'.._..+
#....#.#######
#..##.#.# ### #
#.#.#....#######
.##
#.......#........


You could see 3 rakshasas.

Vanquished Creatures
  A human (D:7)
  4 hogs (D:7)
  2 hungry ghosts
  The ghost of dscm the Chopper, an amateur DsMo (D:4)
  4 ice beasts
  A phantom (D:5)
  A sky beast (D:7)
  An orc warrior (D:6)
  A black bear (D:7)
  A centaur (D:7)
  An ogre (D:4)
  5 bullfrogs
  A wyvern skeleton (D:6)
  4 howler monkeys
  A crimson imp (D:7)
  A centaur zombie (D:7)
  A bullfrog zombie (D:7)
  A jelly (D:6)
  4 orc wizards
  An orc priest (D:5)
  2 bullfrog skeletons (D:5)
  7 hounds
  2 centaur skeletons (D:7)
  3 iguanas
  3 worker ants
  A killer bee zombie (D:6)
  10 gnolls
  A howler monkey skeleton (D:7)
  11 adders
  A shadow imp (D:5)
  An ooze (D:2)
  3 worms (D:2)
  2 dart slugs (D:2)
  4 leopard geckos
  22 orcs
  4 giant cockroaches
  8 goblins
  11 hobgoblins
  2 jackals (D:3)
  10 kobolds
  A quokka (D:6)
  A ball python (D:2)
  10 bats
  6 frilled lizards
  A leopard gecko skeleton (D:4)
  10 rats
174 creatures vanquished.

Notes
Turn   | Place    | Note
-------+----------+-------------------------------------------
     0 | D:1      | bli the Gargoyle Fire Elementalist began the quest for the Orb.
     0 | D:1      | Reached XP level 1. HP: 10/10 MP: 3/3
   198 | D:1      | Reached XP level 2. HP: 13/15 MP: 1/5
   664 | D:1      | Reached XP level 3. HP: 19/19 MP: 4/6
  1080 | D:2      | Reached skill level 3 in Spellcasting
  1093 | D:2      | Reached XP level 4. HP: 24/24 MP: 5/8
  1552 | D:2      | Reached XP level 5. HP: 25/28 MP: 6/9
  1566 | D:2      | Learned a level 4 spell: Sticky Flame
  1575 | D:2      | Reached skill level 1 in Fighting
  1662 | D:2      | Found a shimmering altar of Xom.
  2218 | D:3      | Noticed a hungry ghost
  2261 | D:3      | Killed a hungry ghost
  2261 | D:3      | Reached XP level 6. HP: 26/34 MP: 0/11
  2443 | D:3      | Noticed Saithnar's ghost (amateur CeAM)
  2809 | D:4      | Found Imehor's Weapon Emporium.
  2983 | D:4      | Found Bualeulu's Distillery.
  2991 | D:4      | Bought a potion of curing for 39 gold pieces
  3003 | D:4      | Noticed dscm's ghost (amateur DsMo)
  3084 | D:5      | Entered Level 5 of the Dungeon
  3191 | D:4      | Reached skill level 4 in Spellcasting
  3361 | D:4      | Killed dscm's ghost
  3361 | D:4      | Reached skill level 1 in Maces & Flails
  3361 | D:4      | Reached XP level 7. HP: 28/38 MP: 4/13
  3465 | D:4      | Found an iron altar of Okawaru.
  3714 | D:4      | Found Hiuduuh's Antique Armour Shop.
  4102 | D:4      | Learned a level 3 spell: Conjure Flame
  4736 | D:6      | Reached XP level 8. HP: 18/44 MP: 2/15
  5065 | D:6      | Reached skill level 5 in Spellcasting
  5226 | D:6      | Reached skill level 5 in Conjurations
  5343 | D:6      | Reached skill level 5 in Fire Magic
  5499 | D:5      | You fall through a shaft for 2 floors!
  5874 | D:7      | Reached skill level 6 in Spellcasting
  5874 | D:7      | Reached XP level 9. HP: 27/49 MP: 13/18
  6450 | D:8      | Found a blossoming altar of Fedhas.
  6490 | D:7      | Reached skill level 7 in Spellcasting
  6875 | D:7      | Found a staircase to the Ecumenical Temple.
  6900 | Temple   | Entered the Ecumenical Temple
  7130 | D:7      | Found an ancient bone altar of Kikubaaqudgha.
  7163 | D:7      | Reached XP level 10. HP: 48/56 MP: 18/21
  7449 | D:8      | Found a stormy altar of Qazlal.
  7601 | D:8      | Noticed a rakshasa
  7613 | D:8      | HP: 1/56 [rakshasa (illusionary)/whip (8)]
  7614 | D:8      | Slain by a rakshasa (illusionary)

Skill      XL: |  1  2  3  4  5  6  7  8  9 10 |
---------------+-------------------------------+-----
Dodging        | 2 3 4 |  4.2
Spellcasting   | 3 4 6 7 |  7.7
Stealth        | 3 4 |  4.0
Fighting       | 1 2 3 |  3.9
Conjurations   | 2 3 4 5 6 |  6.7
Maces & Flails | 1 2 3 4 |  4.3
Fire Magic     | 4 5 |  5.9
Shields        | |  0.9

Action                   |  1- 3 |  4- 6 |  7- 9 | 10-12 || total
-------------------------+-------+-------+-------+-------++-------
Melee: Unarmed           |    29 |       |       |       ||    29
       Club              |    16 |       |       |       ||    16
       Whip              |       |    78 |   232 |    16 ||   326
       Flail             |       |       |     8 |       ||     8
       Morningstar       |       |       |       |    12 ||    12
Throw: Stone             |       |    11 |     1 |       ||    12
 Cast: Flame Tongue      |    36 |   104 |   195 |    21 ||   356
       Sticky Flame      |       |     1 |     9 |     1 ||    11
  Use: Scroll            |       |       |     9 |     1 ||    10
       Potion            |       |       |       |     2 ||     2
 Stab: Sleeping          |     3 |     3 |     2 |       ||     8
  Eat: Chunk             |     1 |    12 |    15 |     2 ||    30
Armor: Robe              |    21 |    44 |   127 |     6 ||   198
Dodge: Dodged            |    29 |    51 |   189 |    18 ||   287
Block: Other             |     3 |    27 |    73 |     6 ||   109
       Reflection        |     1 |       |     3 |       ||     4
